 Dungeon Crawl Stone Soup version 0.31-a0-145-g046c7d2549 (webtiles) character file.

Game seed: 15742888817350163029

159 qw the Shooter (level 5, -9/46 HPs)
             Began as a Minotaur Hunter on June 7, 2023.
             Killed by divine providence
             ... invoked by an orc priest
              (15 damage)
             ... on level 3 of the Dungeon.
             The game lasted 00:00:53 (2480 turns).

qw the Shooter (Minotaur Hunter)                    Turns: 2480, Time: 00:00:54

Health: -9/46      AC:  3    Str: 15    XL:     5   Next: 17%
Magic:  4/4        EV: 13    Int:  6    God:
Gold:   172        SH:  0    Dex: 22    Spells: 4/4 levels left

rFire   . . .        Y - +1 shortbow
rCold   . . .        (shield currently unavailable)
rNeg    . . .        c - +0 leather armour
rPois   .            (helmet restricted)
rElec   .            (no cloak)
rCorr   .            (no gloves)
SInv    .            (no boots)
Will    .....        (no amulet)
Stlth   ++           k - +6 ring of dexterity
HPRegen 0.27/turn    (no ring)
MPRegen 0.09/turn

%: no passive effects
@: lethally poisoned (-9 -> -31)
A: horns 2, retaliatory headbutt
a: no special abilities


You were on level 3 of the Dungeon.
You visited 1 branch of the dungeon, and saw 3 of its levels.

You collected 172 gold pieces.


Innate Abilities, Weirdness & Mutations

You have a pair of horns on your head.
You reflexively headbutt those who attack you in melee.


   Skills:
 - Level 4.1 Fighting
 + Level 6.0 Ranged Weapons
 - Level 3.0 Dodging
 - Level 0.7 Stealth


You had 4 spell levels left.
You didn't know any spells.
Your spell library was empty.

Inventory:

Hand Weapons
 Y - a +1 shortbow (weapon)
Armour
 b - a +0 ring mail
 c - a +0 leather armour (worn)
Jewellery
 k - a +6 ring of dexterity (left hand)
Scrolls
 a - 5 scrolls of identify
 e - a scroll of enchant armour
 o - a scroll of immolation {unknown}
Potions
 d - a potion of mutation {unknown}
 f - a potion of cancellation {unknown}
 g - a potion of heal wounds {unknown}
 h - a potion of magic {unknown}
 i - 3 potions of curing
 j - a potion of haste {unknown}
 l - a potion of enlightenment {unknown}
 m - 2 potions of berserk rage {unknown}
 n - a potion of resistance {unknown}
 p - a potion of might {unknown}

Dungeon Overview and Level Annotations

Branches:
Dungeon (3/15)

Altars:


Message History

2469 ||| Stepping ~*~*~tactically~*~*~ (outnumbered).
You shoot an arrow. The orc wizard shouts!
The arrow hits the orc!
You kill the orc!
2472 ||| Stepping ~*~*~tactically~*~*~ (outnumbered).
The orc priest looks satisfied for a moment.
You shoot an arrow. The arrow hits the orc wizard.
The orc wizard is lightly wounded.
The orc wizard mumbles some strange words.
The orc wizard flickers and vanishes!
Deactivating autopickup; reactivate with Ctrl-A.
You shoot an arrow. The arrow closely misses the orc.
You hear some strange, mumbled words.
A puff of flame appears from out of thin air!
The puff of flame hits you.
You shoot an arrow. The arrow closely misses the orc.
Something hits you.
You are poisoned.
You shoot an arrow.
You feel very sick.
You shoot an arrow.
The arrow hits the orc but does no damage.
You feel sick. Something hits you.
You are more poisoned.
The orc closely misses you. The orc barely misses you.
Something hits you but does no damage.
You are more poisoned.
You shoot an arrow. The arrow completely misses the orc.
You feel extremely sick. Something hits you.
You are more poisoned.
The orc priest invokes the aid of Beogh against you.
Beogh smites you! The orc closely misses you.
You shoot an arrow. The arrow hits the orc!
You kill the orc!
You feel extremely sick.
The orc priest calls down the wrath of Beogh upon you.
Beogh smites you!
You die...

##############
######..........@{#
.............####)#
######.#####.# o#
#.# #.# .# #.# #.#
.# #.# #.# .# ##.#
#.# .# #####..# #.#
.# #..#...#####.###


You could see an orc priest.

Vanquished Creatures
  Natasha (twice) (D:2)
  2 adders
  2 worms (D:2)
  4 dart slugs
  9 orcs (D:3)
  5 endoplasms
  4 giant cockroaches
  3 hobgoblins
  7 jackals
  A quokka (D:1)
  5 ball pythons
  6 bats
  4 frilled lizards (D:2)
  6 goblins
  4 kobolds
  3 rats
67 creatures vanquished.

Notes
Turn   | Place    | Note
-------+----------+-------------------------------------------
     0 | D:1      | qw the Minotaur Hunter began the quest for the Orb.
     0 | D:1      | Reached XP level 1. HP: 18/18 MP: 0/0
     0 | D:1      | 0 ||| qw: Version: 0.2-a-117-gc6b5c8b
     0 | D:1      | 0 ||| qw: Game counter: 2519
     0 | D:1      | 0 ||| qw: Always use a shield: true
     0 | D:1      | 0 ||| qw: God list: Okawaru
     0 | D:1      | 0 ||| qw: Allow faded altars: false
     0 | D:1      | 0 ||| qw: Do Orc after D:15 true
     0 | D:1      | 0 ||| qw: Do second Lair branch before Depths: true
     0 | D:1      | 0 ||| qw: Lair rune preference: random
     0 | D:1      | 0 ||| qw: Plans: Normal
     0 | D:1      | 0 ||| PLANNING D:1-11
   213 | D:1      | Reached XP level 2. HP: 25/25 MP: 1/1
   218 | D:1      | Reached skill level 5 in Ranged Weapons
   376 | D:1      | Reached skill level 3 in Fighting
   937 | D:1      | 937 ||| READING scroll labelled YHIFENE OKKU.
   938 | D:1      | 938 ||| READING scroll labelled KIOTUD ROHAYN.
   939 | D:1      | 939 ||| READING scroll labelled ITIPNO SUMO.
   944 | D:1      | 944 ||| READING scroll labelled YKHLEZOCRE.
   945 | D:1      | 945 ||| DROPPING scroll of butterflies.
   966 | D:2      | Reached XP level 3. HP: 31/31 MP: 2/2
   969 | D:2      | 969 ||| STAIRDANCE
  1354 | D:2      | Noticed Natasha
  1355 | D:2      | 1355 ||| READING 2 scrolls labelled ZEBRIQUDIC.
  1360 | D:2      | Killed Natasha
  1361 | D:2      | Reached skill level 6 in Ranged Weapons
  1361 | D:2      | Reached XP level 4. HP: 28/38 MP: 3/3
  1648 | D:2      | Noticed Natasha
  1651 | D:2      | 1651 ||| Stepping ~*~*~tactically~*~*~ (outnumbered).
  1660 | D:2      | Killed Natasha
  1752 | D:2      | 1752 ||| UPGRADING to +6 ring of dexterity.
  1753 | D:2      | 1753 ||| READING scroll labelled LEYWNOPHOPP.
  1754 | D:2      | 1754 ||| READING scroll labelled NUUDAU XOBBIJ.
  1755 | D:2      | 1755 ||| DRINKING 2 fizzy inky potions.
  1782 | D:2      | 1782 ||| DRINKING 4 fuming inky potions.
  1783 | D:2      | 1783 ||| DROPPING potion of lignification.
  1935 | D:3      | Found a faded altar of an unknown god.
  2048 | D:3      | Reached XP level 5. HP: 46/46 MP: 4/4
  2255 | D:3      | Reached skill level 3 in Dodging
  2467 | D:3      | 2467 ||| Stepping ~*~*~tactically~*~*~ (outnumbered).
  2469 | D:3      | 2469 ||| Stepping ~*~*~tactically~*~*~ (outnumbered).
  2472 | D:3      | 2472 ||| Stepping ~*~*~tactically~*~*~ (outnumbered).
  2480 | D:3      | HP: 6/46 [poisoned by an orc wizard]
  2480 | D:3      | Killed from afar by an orc priest

Levels and vault maps discovered:
D:1:      zaba_arrival_water, layout_basic, minivault_5, palyth_stone_intersect
D:2:      layout_loops_ring, minmay_quadrilaterals, uniq_natasha
D:3:      layout_loops_ring, chequers_ecumenical_altar_grove

Skill      XL: |  1  2  3  4  5 |
---------------+----------------+-----
Ranged Weapons | 5 6 |  6.0
Fighting       | 3 4 |  4.1
Dodging        | 3 |  3.0
Stealth        | |  0.7

Action                     |  1- 3 |  4- 6 || total
---------------------------+-------+-------++-------
   Fire: Shortbow          |   104 |    90 ||   194
    Use: Scroll            |     5 |     2 ||     7
         Potion            |       |     2 ||     2
 Armour: Leather armour    |    10 |     7 ||    17
  Dodge: Dodged            |    27 |    35 ||    62

Table legend:
 A = Non-vault XP
 B = Vault XP
 C = Vault XP percentage of total XP
 D = Non-vault monster count
 E = Vault monster count
 F = Vault count percentage of total count
                 A         B        C        D         E       F
            +---------+---------+-------+---------+---------+-------
      Total |     189 |      42 |  18.2 |      63 |       4 |   6.0
            +---------+---------+-------+---------+---------+-------
        D:1 |      42 |       0 |   0.0 |      21 |       0 |   0.0
        D:2 |      84 |      42 |  33.3 |      20 |       4 |  16.7
        D:3 |      63 |       0 |   0.0 |      22 |       0 |   0.0
            +---------+---------+-------+---------+---------+-------
